SAA
LANCASTER FARMERS @ ATLANTIC CITY SONICS
07/20/2042
 
TOP OF THE 1ST
Lancaster Farmers batting - Pitching for Atlantic City Sonics : RHP Jonas Wisse
Pitching: RHP Jonas Wisse
Batting: LHB Conrad Overdevest 0-0: Foul Ball, location: 2F
0-1: Ball
1-1: Foul Ball, location: 2F
1-2: Ball
2-2: Ball
3-2: Fly out, F6 (Flyball, 56D, EV 85.0 MPH)
Batting: RHB Archie Pittman 0-0: Foul Ball, location: 2F
0-1: Ball
1-1: Fly out, F9 (Flyball, 9LSF, EV 85.0 MPH)
Batting: LHB Robert Shannon 0-0: Foul Ball, location: 2F
0-1: Fly out, F7 (Flyball, 78S, EV 92.5 MPH)
Top of the 1st over - 0 runs, 0 hits, 0 errors, 0 left on base; Lancaster 0 - Atlantic City 0
BOTTOM OF THE 1ST
Atlantic City Sonics batting - Pitching for Lancaster Farmers : LHP Gijsbert van Veen
Pitching: LHP Gijsbert van Veen
Batting: RHB Jerry Scott 0-0: Called Strike
0-1: Swinging Strike
0-2: Foul Ball, location: 2F
0-2: Ball
1-2: Ball
2-2: Strikes out swinging
Batting: RHB Garm van Opdorp 0-0: Ball
1-0: Fly out, F8 (Flyball, 89S, EV 83.8 MPH)
Batting: RHB Román Ramírez 0-0: Ball
1-0: Ball
2-0: Ball
3-0: Called Strike
3-1: Base on Balls
Batting: RHB Denis Perrin 0-0: Called Strike
0-1: Ball
1-1: Ball
2-1: Ball
3-1: Foul Ball, location: 2F
3-2: Foul Ball, location: 2F
3-2: Strikes out swinging
Bottom of the 1st over - 0 runs, 0 hits, 0 errors, 1 left on base; Lancaster 0 - Atlantic City 0
TOP OF THE 2ND
Lancaster Farmers batting - Pitching for Atlantic City Sonics : RHP Jonas Wisse
Batting: LHB Alex Joly 0-0: Called Strike
0-1: Ball
1-1: Fly out, F8 (Flyball, 78S, EV 85.0 MPH)
Batting: RHB Gonzalo Perales 0-0: DOUBLE (Line Drive, 8RXD, EV 100.6 MPH)
Batting: RHB António Andrés 0-0: Called Strike
0-1: Ball
1-1: Foul Ball, location: 2F
1-2: Foul Ball, location: 2F
1-2: Ground out U3 (Groundball, 3L, EV 106.2 MPH)
Gonzalo Perales to third
Batting: RHB Thurman Williams 0-0: Ball
1-0: Called Strike
1-1: Swinging Strike
1-2: Strikes out looking
Top of the 2nd over - 0 runs, 1 hit, 0 errors, 1 left on base; Lancaster 0 - Atlantic City 0
BOTTOM OF THE 2ND
Atlantic City Sonics batting - Pitching for Lancaster Farmers : LHP Gijsbert van Veen
Batting: RHB Luis Rodríguez 0-0: Called Strike
0-1: Ball
1-1: Foul Ball, location: 2F
1-2: Fly out, F8 (Line Drive, 8RM, EV 90.6 MPH)
Batting: LHB Luis Ortíz 0-0: DOUBLE (Line Drive, 9LD, EV 110.6 MPH)
Batting: RHB Abhipala Srivastav 0-0: Called Strike
0-1: Foul Ball, location: 2F
0-2: Ball
1-2: Foul Ball, location: 2F
1-2: Ground out 5-3 (Groundball, 56, EV 90.0 MPH)
Batting: RHB Jared Guth 0-0: Ball
1-0: Called Strike
1-1: Ball
2-1: Ball
Passed Ball!
Luis Ortíz to third
3-1: Swinging Strike
3-2: Strikes out looking
Bottom of the 2nd over - 0 runs, 1 hit, 0 errors, 1 left on base; Lancaster 0 - Atlantic City 0
TOP OF THE 3RD
Lancaster Farmers batting - Pitching for Atlantic City Sonics : RHP Jonas Wisse
Batting: RHB Nick O'Quigley 0-0: Swinging Strike
0-1: Foul Ball, location: 2F
0-2: Ball
1-2: Ball
2-2: Foul Ball, location: 2F
2-2: Ball
3-2: Foul Ball, location: 2F
3-2: Strikes out swinging
Batting: RHB Fabrice Boyer 0-0: SINGLE (Groundball, 56S, EV 73.1 MPH) (infield hit)
Batting: LHB Conrad Overdevest 0-0: Ball
1-0: Ball
2-0: Ball
3-0: Base on Balls
Fabrice Boyer to second
Batting: RHB Archie Pittman 0-0: Ball
1-0: Called Strike
1-1: Foul Ball, location: 2F
1-2: Ball
2-2: Foul Ball, location: 2F
2-2: Strikes out looking
Batting: LHB Robert Shannon 0-0: Ground out 3-1 (Groundball, 3S, EV 78.8 MPH)
Top of the 3rd over - 0 runs, 1 hit, 0 errors, 2 left on base; Lancaster 0 - Atlantic City 0
BOTTOM OF THE 3RD
Atlantic City Sonics batting - Pitching for Lancaster Farmers : LHP Gijsbert van Veen
Batting: LHB Jorge Quilez 0-0: Foul Ball, location: 2F
0-1: Ball
1-1: Foul Ball, location: 2F
1-2: Ball
2-2: Strikes out swinging
Batting: RHB Jerry Scott 0-0: Ball
1-0: Ball
2-0: Ball
3-0: Base on Balls
Batting: RHB Garm van Opdorp 0-0: Called Strike
Jerry Scott steals 2nd base
0-1: Foul Ball, location: 2F
0-2: Strikes out swinging
Batting: RHB Román Ramírez 0-0: Swinging Strike
0-1: Ball
1-1: Called Strike
1-2: SINGLE (Groundball, 34D, EV 96.9 MPH)
Jerry Scott to third
Runner from 3rd tries for Home, SAFE, no throw by RF
Batting: RHB Denis Perrin 0-0: Called Strike
0-1: Foul Ball, location: 2F
0-2: Ball
Román Ramírez is caught stealing 2nd base 2-4
Bottom of the 3rd over - 1 run, 1 hit, 0 errors, 0 left on base; Lancaster 0 - Atlantic City 1
TOP OF THE 4TH
Lancaster Farmers batting - Pitching for Atlantic City Sonics : RHP Jonas Wisse
Batting: LHB Alex Joly 0-0: Ground out 1-3 (Groundball, 13S, EV 63.8 MPH)
Batting: RHB Gonzalo Perales 0-0: Ball
1-0: Called Strike
1-1: Ball
2-1: Ball
3-1: Called Strike
3-2: Fly out, F9 (Flyball, 9, EV 88.1 MPH)
Batting: RHB António Andrés 0-0: Called Strike
0-1: Foul Ball, location: 2F
0-2: Foul Ball, location: 2F
0-2: Ball
1-2: Ball
2-2: Foul Ball, location: 2F
2-2: Foul Ball, location: 2F
2-2: Ball
3-2: Fly out, F9 (Flyball, 89S, EV 86.2 MPH)
Top of the 4th over - 0 runs, 0 hits, 0 errors, 0 left on base; Lancaster 0 - Atlantic City 1
BOTTOM OF THE 4TH
Atlantic City Sonics batting - Pitching for Lancaster Farmers : LHP Gijsbert van Veen
Batting: RHB Denis Perrin 0-0: Called Strike
0-1: Foul Ball, location: 2F
0-2: Ball
1-2: Fly out, F8 (Flyball, 8RD, EV 85.0 MPH)
Batting: RHB Luis Rodríguez 0-0: Ball
1-0: Ball
2-0: Called Strike
2-1: Ground out 5-3 (Groundball, 56, EV 86.2 MPH)
Batting: LHB Luis Ortíz 0-0: Ball
1-0: Called Strike
1-1: DOUBLE (Flyball, 8RXD, EV 110.0 MPH)
Batting: RHB Abhipala Srivastav 0-0: Called Strike
0-1: Ball
1-1: Called Strike
1-2: Ball
2-2: Foul Ball, location: 2F
2-2: Ball
3-2: Base on Balls
Batting: RHB Jared Guth 0-0: Called Strike
0-1: Ball
1-1: Ball
2-1: Ball
3-1: Called Strike
3-2: Strikes out swinging
Bottom of the 4th over - 0 runs, 1 hit, 0 errors, 2 left on base; Lancaster 0 - Atlantic City 1
TOP OF THE 5TH
Lancaster Farmers batting - Pitching for Atlantic City Sonics : RHP Jonas Wisse
Batting: RHB Thurman Williams 0-0: Ball
1-0: Ball
2-0: Ball
3-0: Called Strike
3-1: Ground out 6-3 (Groundball, 6, EV 83.8 MPH)
Batting: RHB Nick O'Quigley 0-0: Ball
1-0: Called Strike
1-1: SINGLE (Flyball, 4D, EV 94.4 MPH)
Batting: RHB Fabrice Boyer 0-0: Foul Ball, location: 2F
0-1: Ball
1-1: Ball
2-1: Ball
3-1: Fly out, F9 (Line Drive, 9, EV 103.8 MPH)
Batting: LHB Conrad Overdevest 0-0: Fly out, F7 (Flyball, 7S, EV 87.5 MPH)
Top of the 5th over - 0 runs, 1 hit, 0 errors, 1 left on base; Lancaster 0 - Atlantic City 1
BOTTOM OF THE 5TH
Atlantic City Sonics batting - Pitching for Lancaster Farmers : LHP Gijsbert van Veen
Pitching: RHP Cristóbal López
Batting: LHB Jorge Quilez 0-0: Ground out 6-3 (Groundball, 6, EV 91.2 MPH)
Pitching: RHP Yuto Inugami
Batting: RHB Jerry Scott 0-0: Foul Ball, location: 2F
0-1: Called Strike
0-2: Hit by Pitch
Batting: RHB Garm van Opdorp 0-0: Ball
1-0: Swinging Strike
1-1: Foul Ball, location: 2F
1-2: Grounds into double play, 5-4-3 (Groundball, 56S, EV 84.4 MPH)
Bottom of the 5th over - 0 runs, 0 hits, 0 errors, 0 left on base; Lancaster 0 - Atlantic City 1
TOP OF THE 6TH
Lancaster Farmers batting - Pitching for Atlantic City Sonics : RHP Jonas Wisse
Batting: RHB Archie Pittman 0-0: Called Strike
0-1: DOUBLE (Line Drive, 89D, EV 108.8 MPH)
Batting: LHB Robert Shannon 0-0: Foul Ball, location: 2F
0-1: Ball
1-1: Ball
Wild Pitch!
Archie Pittman to third
2-1: Ball
3-1: Called Strike
3-2: Foul Ball, location: 2F
3-2: Base on Balls
Batting: LHB Alex Joly 0-0: SINGLE (Line Drive, 4M, EV 94.4 MPH)
Archie Pittman scores
Robert Shannon to second
Batting: RHB Gonzalo Perales 0-0: Foul Ball, location: 2F
0-1: Ball
1-1: Grounds into double play, 4-6-3 (Groundball, 4M, EV 102.5 MPH)
Robert Shannon to third
Pitching: RHP Carlos Cabael
Batting: RHB António Andrés 0-0: Foul Ball, location: 2F
0-1: Ground out 5-3 (Groundball, 56, EV 105.6 MPH)
Top of the 6th over - 1 run, 2 hits, 0 errors, 1 left on base; Lancaster 1 - Atlantic City 1
BOTTOM OF THE 6TH
Atlantic City Sonics batting - Pitching for Lancaster Farmers : RHP Yuto Inugami
Batting: RHB Román Ramírez 0-0: Called Strike
0-1: Ground out 1-3 (Groundball, 15S, EV 69.4 MPH)
Batting: RHB Denis Perrin 0-0: Called Strike
0-1: Called Strike
0-2: Ball
1-2: Ball
2-2: Ground out 5-3 (Groundball, 56S, EV 85.0 MPH)
Batting: RHB Luis Rodríguez 0-0: Called Strike
0-1: Fly out, F8 (Line Drive, 8RD, EV 95.6 MPH)
Bottom of the 6th over - 0 runs, 0 hits, 0 errors, 0 left on base; Lancaster 1 - Atlantic City 1
TOP OF THE 7TH
Lancaster Farmers batting - Pitching for Atlantic City Sonics : RHP Carlos Cabael
Batting: RHB Thurman Williams 0-0: SINGLE (Flyball, 8RS, EV 93.8 MPH)
Batting: RHB Nick O'Quigley 0-0: Bunt missed!
0-1: Sac Bunt to 2R - play at first, batter OUT! 2-4
Thurman Williams to second
Batting: RHB Fabrice Boyer 0-0: Ball
1-0: Ground out 6-3 (Groundball, 6S, EV 70.0 MPH)
Thurman Williams to third
Batting: LHB Conrad Overdevest 0-0: 2-RUN HOME RUN (Flyball, 7D, EV 92.5 MPH), Distance : 382 ft
Batting: RHB Archie Pittman 0-0: Ball
1-0: Ball
2-0: Swinging Strike
2-1: Foul Ball, location: 2F
2-2: Fly out, F9 (Line Drive, 9, EV 91.9 MPH)
Top of the 7th over - 2 runs, 2 hits, 0 errors, 0 left on base; Lancaster 3 - Atlantic City 1
BOTTOM OF THE 7TH
Atlantic City Sonics batting - Pitching for Lancaster Farmers : RHP Yuto Inugami
Batting: LHB Luis Ortíz 0-0: Ball
1-0: Foul Ball, location: 2F
1-1: Ball
2-1: Foul Ball, location: 2F
2-2: SINGLE (Groundball, 3D, EV 107.5 MPH)
Batting: RHB Abhipala Srivastav 0-0: Foul Ball, location: 2F
0-1: Foul Ball, location: 2F
0-2: Strikes out swinging
Batting: RHB Jared Guth 0-0: Called Strike
0-1: Ball
1-1: Ball
2-1: Swinging Strike
2-2: Strikes out looking
Batting: LHB Jorge Quilez 0-0: Ball
1-0: Ball
2-0: Ball
3-0: Called Strike
3-1: Ground out 4-3 (Groundball, 34, EV 106.9 MPH)
Bottom of the 7th over - 0 runs, 1 hit, 0 errors, 1 left on base; Lancaster 3 - Atlantic City 1
TOP OF THE 8TH
Lancaster Farmers batting - Pitching for Atlantic City Sonics : RHP Carlos Cabael
Batting: LHB Robert Shannon 0-0: Ball
1-0: Fly out, F9 (Flyball, 9, EV 85.6 MPH)
Batting: LHB Alex Joly 0-0: Ball
1-0: Called Strike
1-1: Swinging Strike
1-2: Strikes out looking
Batting: RHB Gonzalo Perales 0-0: Called Strike
0-1: Called Strike
0-2: Foul Ball, location: 2F
0-2: Ball
1-2: TRIPLE (Flyball, 89XD, EV 98.8 MPH)
Batting: RHB António Andrés 0-0: Foul Ball, location: 2F
0-1: Foul Ball, location: 2F
0-2: Reached on error, E5 (Groundball, 56, EV 93.1 MPH)
Gonzalo Perales scores
Pitching: RHP Peter Routledge
Batting: RHB Thurman Williams 0-0: Ball
1-0: Swinging Strike
1-1: Foul Ball, location: 2F
1-2: Fly out, F7 (Line Drive, 7, EV 89.4 MPH)
Top of the 8th over - 1 run, 1 hit, 1 error, 1 left on base; Lancaster 4 - Atlantic City 1
BOTTOM OF THE 8TH
Atlantic City Sonics batting - Pitching for Lancaster Farmers : RHP Yuto Inugami
Batting: RHB Jerry Scott 0-0: Ball
1-0: Foul Ball, location: 2F
1-1: Called Strike
1-2: Ball
2-2: Strikes out swinging
Batting: RHB Garm van Opdorp 0-0: Ball
1-0: SINGLE (Groundball, 6MD, EV 109.4 MPH)
Pitching: RHP Casey Ball
Batting: RHB Román Ramírez 0-0: Hit by Pitch
Garm van Opdorp to second
Batting: RHB Denis Perrin 0-0: Swinging Strike
0-1: Foul Ball, location: 2F
0-2: SINGLE (Groundball, 34D, EV 109.4 MPH)
Garm van Opdorp to third
Román Ramírez to second
Batting: RHB Luis Rodríguez 0-0: Ball
1-0: Ball
2-0: Ball
3-0: Base on Balls
Garm van Opdorp scores
Román Ramírez to third
Denis Perrin to second
Batting: LHB Luis Ortíz 0-0: Ball
1-0: Called Strike
1-1: Foul Ball, location: 2F
1-2: Ball
2-2: DOUBLE (Line Drive, 9LD, EV 105.6 MPH)
Román Ramírez scores
Denis Perrin scores
Luis Rodríguez to third
Batting: RHB Abhipala Srivastav 0-0: Ball
1-0: Called Strike
1-1: Ball
2-1: Ball
3-1: Base on Balls
Batting: RHB Jared Guth 0-0: Ball
1-0: Ball
2-0: Ball
3-0: Base on Balls
Luis Rodríguez scores
Luis Ortíz to third
Abhipala Srivastav to second
Batting: LHB Jorge Quilez 0-0: Ball
1-0: Fly out, F9 (Flyball, 9S, EV 98.1 MPH)
Batting: RHB Jerry Scott 0-0: Called Strike
0-1: Ball
1-1: Called Strike
1-2: Ball
2-2: Ball
3-2: Fly out, F7 (Flyball, 78M, EV 83.1 MPH)
Bottom of the 8th over - 4 runs, 3 hits, 0 errors, 3 left on base; Lancaster 4 - Atlantic City 5
TOP OF THE 9TH
Lancaster Farmers batting - Pitching for Atlantic City Sonics : RHP Peter Routledge
Pitching: LHP Fernando Mora
Batting: RHB Nick O'Quigley 0-0: Ball
1-0: Ground out 6-3 (Groundball, 56S, EV 91.9 MPH)
Batting: RHB Fabrice Boyer 0-0: Ball
1-0: Foul Ball, location: 2F
1-1: Called Strike
1-2: Ground out 6-3 (Groundball, 56S, EV 63.1 MPH)
Batting: LHB Conrad Overdevest 0-0: Ball
1-0: SOLO HOME RUN (Flyball, 8RXD, EV 103.1 MPH), Distance : 434 ft
Batting: RHB Archie Pittman 0-0: Fly out, F7 (Flyball, 7S, EV 76.2 MPH)
Top of the 9th over - 1 run, 1 hit, 0 errors, 0 left on base; Lancaster 5 - Atlantic City 5
BOTTOM OF THE 9TH
Atlantic City Sonics batting - Pitching for Lancaster Farmers : RHP Casey Ball
Batting: RHB Garm van Opdorp 0-0: Ball
1-0: Foul Ball, location: 2F
1-1: Foul Ball, location: 2F
1-2: SINGLE (Line Drive, 34D, EV 94.4 MPH)
Pitching: RHP Dave Green
Batting: RHB Román Ramírez 0-0: Fly out, F6 (Popup, 6M, EV 65.0 MPH)
Batting: RHB Denis Perrin 0-0: Ball
1-0: SINGLE (Groundball, 34D, EV 109.4 MPH)
Garm van Opdorp to second
Runner from 2nd tries for 3rd, SAFE, no throw by RF
Batting: RHB Luis Rodríguez 0-0: Fly out, F9 (Flyball, 89S, EV 93.1 MPH)
Batting: LHB Luis Ortíz 0-0: Ball
1-0: Ball
2-0: Fly out, F7 (Flyball, 7S, EV 82.5 MPH)
Bottom of the 9th over - 0 runs, 2 hits, 0 errors, 2 left on base; Lancaster 5 - Atlantic City 5
TOP OF THE 10TH
Lancaster Farmers batting - Pitching for Atlantic City Sonics : LHP Fernando Mora
Batting: LHB Robert Shannon 0-0: Called Strike
0-1: Called Strike
0-2: Strikes out swinging
Batting: LHB Alex Joly 0-0: Ball
1-0: Foul Ball, location: 2F
1-1: Ball
2-1: Ball
3-1: Base on Balls
Batting: RHB Gonzalo Perales 0-0: Ball
1-0: Ball
2-0: Called Strike
2-1: Fly out, F9 (Line Drive, 9D, EV 91.2 MPH)
Batting: RHB António Andrés 0-0: Ball
1-0: Ball
2-0: Ball
3-0: Called Strike
3-1: Called Strike
3-2: Strikes out swinging
Top of the 10th over - 0 runs, 0 hits, 0 errors, 1 left on base; Lancaster 5 - Atlantic City 5
BOTTOM OF THE 10TH
Atlantic City Sonics batting - Pitching for Lancaster Farmers : RHP Dave Green
Batting: RHB Abhipala Srivastav 0-0: Called Strike
0-1: Ball
1-1: Ball
2-1: Fly out, F6 (Popup, 56D, EV 63.1 MPH)
Pinch Hitting: RHB Raffaello Dichio 0-0: Ball
1-0: Foul Ball, location: 2F
1-1: SINGLE (Line Drive, 6D, EV 103.8 MPH)
Batting: LHB Jorge Quilez 0-0: Ball
1-0: Foul Ball, location: 2F
1-1: Called Strike
1-2: Ball
2-2: Ball
3-2: DOUBLE (Line Drive, 7LS, EV 113.1 MPH)
Raffaello Dichio to third
Runner from 3rd tries for Home, SAFE, throw by LF to home
Friday, March 26th, 2021 - OOTP Baseball 20.8 Build 74